 Dungeon Crawl Stone Soup version 0.29.1-1-gd02db6906a (webtiles) character file.

Game seed: 9284069170005238237

106 llamall the Trooper (level 4, -6/37 HPs)
             Began as a Demonspawn Abyssal Knight on Oct 22, 2022.
             Was a Priest of Lugonu.
             Mangled by a gnoll
             ... wielding a +0 halberd
              (8 damage)
             ... on level 4 of the Dungeon.
             The game lasted 00:10:00 (4063 turns).

llamall the Trooper (Demonspawn Abyssal Knight)     Turns: 4063, Time: 00:10:01

Health: -6/37      AC: 12    Str: 16    XL:     4   Next: 55%
Magic:  5/5        EV: 11    Int: 11    God:    Lugonu [***...]
Gold:   54         SH:  0    Dex: 13    Spells: 3/3 levels left

rFire   . . .      SeeInvis .   a - +1 falchion
rCold   . . .      Faith    .   (no shield)
rNeg    . . .      Spirit   .   e - +3 leather armour
rPois   .          Reflect  .   (no helmet)
rElec   .          Harm     .   g - +2 cloak
rCorr   .          Rampage  .   t - +2 pair of gloves
Will    .....                   (no boots)
Stlth   +.........              (no amulet)
HPRegen 0.12/turn               (no ring)
MPRegen 0.18/turn               (no ring)

@: no status effects
A: magic regeneration
a: Renounce Religion, Depart the Abyss, Bend Space, Banish


You were on level 4 of the Dungeon.
You worshipped Lugonu.
Lugonu was most pleased with you.
You visited 1 branch of the dungeon, and saw 4 of its levels.
You visited the Abyss 1 time.

You collected 102 gold pieces.
You spent 48 gold pieces at shops.

Inventory:

Hand Weapons
 a - a +1 falchion (weapon)
Missiles
 m - 5 poisoned darts
Armour
 b - a +0 leather armour
 c - a +0 cloak
 e - a +3 leather armour (worn)
 g - a +2 cloak (worn)
 h - a +0 pair of gloves
 t - a +2 pair of gloves (worn)
Jewellery
 l - a ring of fire
Scrolls
 f - a scroll of poison {unknown}
 i - a scroll of butterflies {unknown}
 r - a scroll of summoning {unknown}
Potions
 d - a potion of haste
 j - a potion of flight
 k - a potion of lignification
 n - a potion of mutation {unknown}
 o - a potion of brilliance {unknown}
 p - a potion of attraction {unknown}
 q - 2 potions of curing
 s - a potion of invisibility {unknown}
 u - a potion of degeneration


   Skills:
 + Level 3.9 Fighting
 + Level 2.8 Long Blades
 + Level 2.5 Armour
 + Level 1.2 Dodging
 + Level 0.3 Stealth
 + Level 2.6 Invocations


You had 3 spell levels left.
You didn't know any spells.
Your spell library was empty.

Dungeon Overview and Level Annotations

Branches:
Dungeon (4/15)
 Temple: D:4-7

Altars:
Makhleb

Shops:
D:3 !

Annotations:
D:4 Ijyb


Innate Abilities, Weirdness & Mutations

You regenerate magic rapidly.


Message History

Ijyb hits you but does no damage.
You barely miss Ijyb. Ijyb hits you with a +0 club.
You hit Ijyb.
Ijyb is moderately wounded.
Ijyb hits you but does no damage.
You hit Ijyb but do no damage. Your punch misses Ijyb.
Ijyb is lightly wounded.
Ijyb hits you but does no damage.
You hit Ijyb.
Ijyb is moderately wounded.
Ijyb closely misses you.
A gnoll comes into view. It is wielding a +0 whip.
Ijyb hits you with a +0 club.
The gnoll hits you from afar with a +0 halberd.
You closely miss Ijyb.
Ijyb is moderately wounded.
The gnoll hits you but does no damage. The gnoll hits you with a +0 whip.
Ijyb zaps a wand.
The puff of flame hits you.
You hit Ijyb but do no damage.
Ijyb is moderately wounded.
The gnoll barely misses you. Ijyb barely misses you.
The gnoll hits you with a +0 whip.
You hit Ijyb but do no damage.
Ijyb is moderately wounded.
The gnoll closely misses you. Ijyb hits you but does no damage.
The gnoll hits you with a +0 whip. The gnoll attacks as you move away!
The gnoll hits you but does no damage. Space bends violently around you!
You blink.
Ijyb screams, "It's all mine!"
Found a scale mail.
You hit the gnoll.
The gnoll is moderately wounded.
The gnoll barely misses you.
The gnoll hits you from afar with a +0 halberd!
* * * LOW HITPOINT WARNING * * *
You hit the gnoll.
The gnoll is almost dead.
The gnoll hits you but does no damage.
The gnoll hits you from afar with a +0 halberd!
You die...

.....###..#......#
...........#......###
##.~~~................
..~~~P.............>.
####.P~~................
.......♣#.....#..#......
........................
####...##....##..#...###
.......@gg............ .
..##...##...###.###..###
.P..... ..........
P~P................
♣~P.........###.# #
♣♣P.[####...# # ♣~~~.
..... ♣~~~. #...##


You could see 2 gnolls.

Vanquished Creatures
  2 adders (D:3)
  4 worms
  4 dart slugs
  3 orcs (D:3)
  6 endoplasms
  2 giant cockroaches
  7 hobgoblins
  A jackal (D:3)
  3 quokkas
  4 ball pythons
  6 bats
  2 frilled lizards (D:1)
  7 goblins (D:1)
  9 kobolds
  7 rats
67 creatures vanquished.

Notes
Turn   | Place    | Note
-------+----------+-------------------------------------------
     0 | Abyss:1  | llamall the Demonspawn Abyssal Knight began the quest for
                  | the Orb.
     0 | Abyss:1  | Reached XP level 1. HP: 18/18 MP: 2/2
     3 | D:1      | Escaped the Abyss
   410 | D:1      | Gained mutation: You regenerate magic rapidly. [demonic
                  | ancestry]
   410 | D:1      | Reached XP level 2. HP: 24/24 MP: 3/3
   736 | D:1      | HP: 1/24 [kobold/+0 short sword (2)]
   738 | D:1      | Reached skill level 1 in Dodging
  1082 | D:1      | Reached *** piety under Lugonu
  1387 | D:1      | Reached XP level 3. HP: 27/29 MP: 4/4
  1834 | D:2      | Found a faded altar of an unknown god.
  2977 | D:3      | Reached XP level 4. HP: 32/37 MP: 5/5
  3476 | D:3      | Found Reteuly's Distillery.
  3502 | D:3      | Bought a potion of degeneration for 12 gold pieces
  3502 | D:3      | Bought a potion of curing for 36 gold pieces
  3670 | D:3      | Found a burning altar of Makhleb.
  4039 | D:4      | Noticed Ijyb
  4063 | D:4      | Mangled by a gnoll

Illustrated notes

Levels and vault maps discovered:
D:1:      dpeg_arrival_rooms_a, layout_basic, minmay_misc_feat_x
D:2:      layout_basic, shapermc_ecumenical_altar_totnotflames, minmay_between
D:3:      minmay_recursive_quarters, layout_loops_ring, old_standard_altar,
          serial_shops, nicolae_shop_crystal
D:4:      layout_basic, serial_bayou, serial_bayou_pond_a, serial_bayou_pond_d,
          serial_bayou_pond_a, serial_bayou_pond_e, serial_bayou_pond_c,
          uniq_ijyb

Skill      XL: |  1  2 |
---------------+-------+-----
Armour         | 2 |  2.5
Dodging        | 1 |  1.2
Long Blades    | 2 |  2.8
Fighting       | |  3.9
Stealth        | |  0.3
Invocations    | |  2.6

Action                   |  1- 3 |  4- 6 || total
-------------------------+-------+-------++-------
Melee: Falchion          |   145 |    81 ||   226
       Punch             |     1 |       ||     1
Invok: Bend Space        |     1 |     2 ||     3
  Use: Potion            |     2 |       ||     2
       Scroll            |       |     3 ||     3
 Stab: Sleeping          |       |     1 ||     1
Armor: Leather armour    |    65 |    40 ||   105
Dodge: Dodged            |    85 |    47 ||   132
